 Dungeon Crawl Stone Soup version 0.24-a0-368-g0e0cebd0f3 (webtiles) character file.

Game seed: 5202236621260142315

133 Flugkiller the Chopper (level 4, 0/41 HPs)
             Began as a Minotaur Chaos Knight on May 29, 2019.
             Was a Plaything of Xom.
             Slain by a quasit (1 damage)
             ... summoned by Xom
             ... on level 3 of the Dungeon.
             The game lasted 00:02:16 (2057 turns).

Flugkiller the Chopper (Minotaur Chaos Knight)      Turns: 2057, Time: 00:02:17

Health: 0/41       AC:  5    Str: 22      XL:     4   Next: 94%
Magic:  3/3        EV: 16    Int:  9      God:    Xom [.....*]
Gold:   127        SH:  0    Dex:  5 (15) Spells: 3/3 levels left

rFire    . . .     SeeInvis .   a - +0 hand axe (chaos)
rCold    . . .     Gourm    .   (no shield)
rNeg     . . .     Faith    .   b - +2 leather armour
rPois    .         Spirit   .   (helmet restricted)
rElec    .         Reflect  .   (no cloak)
rCorr    .         Harm     .   (no gloves)
MR       .....                  (no boots)
Stlth    ++........             (no amulet)
HPRegen  0.13/turn              (no ring)
MPRegen  0.08/turn              (no ring)

@: mighty, agile
A: retaliatory headbutt, horns 2
a: Renounce Religion


You were on level 3 of the Dungeon.
You worshipped Xom.
You were Xom's teddy bear.
You were near starving.

You visited 1 branch of the dungeon, and saw 4 of its levels.

You collected 127 gold pieces.

Inventory:

Hand Weapons
 a - a +0 hand axe of chaos (weapon)
Armour
 b - a +2 leather armour (worn)
 n - a +0 scale mail
   (You found it on level 2 of the Dungeon)
Jewellery
 m - an uncursed ring of wizardry {unknown}
   (You found it on level 3 of the Dungeon)
Scrolls
 d - a scroll of blinking {unknown}
 e - 2 scrolls of random uselessness {unknown}
 h - 2 scrolls of teleportation
 l - a scroll of enchant weapon {unknown}
Potions
 f - a potion of resistance {unknown}
 g - a potion of curing {unknown}
 i - a potion of agility
 k - a potion of flight {unknown}
Comestibles
 c - 2 rations


   Skills:
 + Level 4.6 Fighting
 * Level 5.4 Axes
 + Level 3.8 Armour
 - Level 1.1 Dodging


You had 3 spell levels left.
You didn't know any spells.
Your spell library was empty.

Dungeon Overview and Level Annotations

Branches:
Dungeon (4/15)
 Temple: D:4-7

Altars:
Cheibriados

Annotations:
D:3 3 runed translucent doors, motoroller71's ghost, amateur HuGl


Innate Abilities, Weirdness & Mutations

You reflexively headbutt those who attack you in melee.
You have a pair of horns on your head.


Message History

You barely miss something.
Xom adds some personal touches to your environment.
Two doors slam shut!
Something bites you.
* * * LOW HITPOINT WARNING * * *
Something claws you but does no damage. x2
You closely miss something. Your headbutt misses something.
Something bites you but does no damage.
Something claws you but does no damage. x2
Unknown command.
You completely miss something. Something barely misses you.
Something claws you but does no damage. x2; Something bites you.
* * * LOW HITPOINT WARNING * * *
You feel clumsy. Something claws you but does no damage. Something claws you.
* * * LOW HITPOINT WARNING * * *
You miss something. Your headbutt misses something. Something bites you.
* * * LOW HITPOINT WARNING * * *
Something claws you but does no damage. Something barely misses you.
You miss something. Something barely misses you.
Something claws you but does no damage. x2
Unknown command.
You barely miss something. Something bites you but does no damage.
Something claws you but does no damage. Something completely misses you.
Something bites you but does no damage. Something claws you but does no damage.
Something barely misses you.
Unknown command.
You miss something. Something bites you.
* * * LOW HITPOINT WARNING * * *
Something claws you but does no damage. Something completely misses you.
You miss something. Your headbutt misses something. Something bites you.
* * * LOW HITPOINT WARNING * * *
Something claws you but does no damage. x2
Unknown command.
You completely miss something. Something bites you.
* * * LOW HITPOINT WARNING * * *
Something claws you but does no damage. Something barely misses you.
Something bites you.
* * * LOW HITPOINT WARNING * * *
Something claws you but does no damage. x2
You completely miss something. Your headbutt misses something.
Something barely misses you. Something claws you.
* * * LOW HITPOINT WARNING * * *
You feel clumsy. Something claws you.
* * * LOW HITPOINT WARNING * * *
It was a potion of might.
You feel very mighty all of a sudden. Something bites you but does no damage.
Something claws you but does no damage. x2
Something bites you.
You die...
Xom yawns loudly!

############
#..........#
#..........#########
#..>.)..............
#..................#
###+#######........#
#{# #........#
#@#######........#
#####.#....##........#
#.....+...............
#.....#....##........#
#.....#######........#
#.....# #........#
#.....# #.#.......
#.....# #.#.######
#.....# ##+#.######


There were no monsters in sight!

Vanquished Creatures
  Jessica (D:2)
  A worker ant (D:4)
  3 adders
  2 worms (D:2)
  4 dart slugs
  An orc (D:3)
  5 bats
  3 giant cockroaches (D:2)
  4 goblins
  7 hobgoblins
  5 kobolds
  3 ball pythons
  A frilled lizard (D:4)
  6 rats
46 creatures vanquished.

Notes
Turn   | Place    | Note
-------+----------+-------------------------------------------
     0 | D:1      | Flugkiller the Minotaur Chaos Knight began the quest for
                  | the Orb.
     0 | D:1      | Reached XP level 1. HP: 19/19 MP: 0/0
   143 | D:1      | Reached skill level 4 in Axes
   148 | D:1      | Reached XP level 2. HP: 27/27 MP: 1/1
   250 | D:1      | XOM: harmless Hex miscast
   415 | D:1      | XOM: harmless Tmut miscast
   553 | D:1      | XOM: divination: detect creatures
   602 | D:2      | Reached XP level 3. HP: 27/33 MP: 2/2
   849 | D:2      | Noticed Jessica
   857 | D:2      | Killed Jessica
   857 | D:2      | Reached skill level 5 in Axes
   857 | D:2      | Reached XP level 4. HP: 25/41 MP: 3/3
   954 | D:2      | XOM: harmless Air miscast
  1235 | D:3      | Found a runed translucent gate.
  1235 | D:3      | Found a runed translucent gate.
  1237 | D:3      | Found a runed translucent gate.
  1240 | D:3      | Noticed motoroller71's ghost (amateur HuGl)
  1564 | D:3      | Found a snail-covered altar of Cheibriados.
  1573 | D:3      | XOM: divination: detect items
  1781 | D:3      | XOM: medium Chrm miscast
  2030 | D:3      | XOM: summons 2 hostile demons
  2047 | D:3      | XOM: scenery: 2 doors close
  2056 | D:3      | HP: 2/41 [something (2)]
  2057 | D:3      | Slain by a quasit

Levels and vault maps discovered:
D:1:      lemuel_arrival_lava_pool, layout_loops_ring, kennysheep_flooded_box
D:2:      layout_rooms, minmay_misc_feat_square, uniq_jessica
D:3:      layout_basic, kennysheep_slug_shrine, gammafunk_ghost_necromancy
D:4:      layout_cave_pools, serial_park, serial_park_gazebo
          [serial_park_minivault_5x5_6], uniq_duvessa

Skill      XL: |  1  2  3 |
---------------+----------+-----
Axes           | 4 5 |  5.4
Fighting       | 4 |  4.6
Armour         | 3 |  3.8
Dodging        | |  1.1

Action                   |  1- 3 |  4- 6 || total
-------------------------+-------+-------++-------
Melee: Hand axe          |    57 |    61 ||   118
       Headbutt          |     9 |     7 ||    16
  Use: Scroll            |       |     3 ||     3
       Potion            |       |     2 ||     2
 Stab: Paralysed         |     1 |       ||     1
  Eat: Chunk             |       |     2 ||     2
Armor: Leather armour    |    22 |    98 ||   120
Dodge: Dodged            |    26 |    37 ||    63

Table legend:
 A = Non-vault XP
 B = Vault XP
 C = Vault XP percentage of total XP
 D = Non-vault monster count
 E = Vault monster count
 F = Vault count percentage of total count
                 A         B        C        D         E       F
            +---------+---------+-------+---------+---------+-------
      Total |     150 |      41 |  21.5 |      44 |       2 |   4.3
            +---------+---------+-------+---------+---------+-------
        D:1 |      28 |       0 |   0.0 |      14 |       0 |   0.0
        D:2 |      59 |      37 |  38.5 |      20 |       1 |   4.8
        D:3 |      28 |       4 |  12.5 |       8 |       1 |  11.1
        D:4 |      35 |       0 |   0.0 |       2 |       0 |   0.0
            +---------+---------+-------+---------+---------+-------
